 Dungeon Crawl Stone Soup version 0.31-a0-564-g3b7de120b3 (webtiles) character file.

Game seed: 93888979663351823

25 Rohain the Ruffian (level 2, -2/21 HPs)
             Began as a Demonspawn Shapeshifter on Aug 17, 2023.
             Slain by a gnoll
             ... wielding a +0 club
              (4 damage)
             ... on level 1 of the Dungeon.
             The game lasted 00:01:15 (799 turns).

Rohain the Ruffian (Demonspawn Shapeshifter)         Turns: 799, Time: 00:01:16

Health: -2/21      AC:  4    Str: 15    XL:     2   Next: 82%
Magic:  2/2        EV: 12    Int:  9    God:
Gold:   68         SH:  0    Dex: 13    Spells: 1/1 levels left

rFire   . .          .
                       - Unarmed
rCold   + . .        (no shield)
rNeg    . . .        a - +0 animal skin
rPois   .            (helmet currently unavailable)
rElec   .            (cloak currently unavailable)
rCorr   .            (gloves currently unavailable)
SInv    +            (boots currently unavailable)
Will    .....        (no amulet)
Stlth   +            f - ring of see invisible
HPRegen 0.23/turn    i - ring of protection from cold
MPRegen 0.08/turn

%: no passive effects
@: beast-form
A: beast (slay +1), slimy green scales 1
a: Begin Untransformation


You were on level 1 of the Dungeon.
You were a hulking beast.
You visited 1 branch of the dungeon, and saw 2 of its levels.

You collected 68 gold pieces.

Inventory:

Armour
 a - a +0 animal skin (worn)
Jewellery
 f - a ring of see invisible (left hand)
 i - a ring of protection from cold (right hand)
Talismans
 c - a beast talisman (active)
 d - a flux talisman
Scrolls
 j - a scroll of enchant armour {unknown}
 k - a scroll of revelation {unknown}
 l - a scroll of enchant weapon {unknown}
Potions
 b - a potion of lignification
 e - a potion of magic {unknown}
 g - a potion of heal wounds {unknown}
 h - 2 potions of resistance {unknown}


   Skills:
 + Level 1.5 Fighting
 + Level 2.1 Dodging
 * Level 3.1 Unarmed Combat
 + Level 2.8 Shapeshifting


You had one spell level left.
You didn't know any spells.
Your spell library was empty.

Dungeon Overview and Level Annotations

Branches:
Dungeon (2/15)

Altars:


Innate Abilities, Weirdness & Mutations

You are a hulking beast.
Your limbs bulge with bestial killing power. (Slay +1)
You are partially covered in slimy green scales. (AC +2)


Message History

You hit the ball python.
The ball python is moderately wounded.
The ball python bites you. The ball python constricts you.
You hit the ball python.
You kill the ball python!
Found 2 gold pieces.
You see here a ball python corpse.
You now have 56 gold pieces (gained 2).
Found 4 stones.
You now have 68 gold pieces (gained 12).
Done exploring.
Done exploring.
Done exploring.
Done exploring.
Done exploring.
Done exploring.
Done exploring.
What level of the Dungeon? (default 1, ? - help)
There is a stone staircase leading down here.
You climb downwards.
The gnoll shouts!
You hear a shout! x2
There is a stone staircase leading up here.
A gnoll is nearby! 3 gnolls come into view.
Found a lumpy coppery potion.
The gnoll shouts! x2
The gnoll closely misses you. The gnoll hits you with a +0 club.
The gnoll misses you. The gnoll barely misses you.
The gnoll hits you from afar with a +0 halberd!
The gnoll barely misses you.
There is a stone staircase leading up here.
The gnoll hits you from afar with a +0 halberd!
* * * LOW HITPOINT WARNING * * *
The gnoll hits you but does no damage. The gnoll barely misses you.
You climb upwards.
There is a stone staircase leading down here.
The gnoll attacks as you move away! The gnoll hits you with a +0 club.
* * * LOW HITPOINT WARNING * * *
The gnoll attacks as you move away! The gnoll hits you with a +0 club.
You die...

#.# #....#.......#.....# #.#
##.#.#.######.######
######.########.#.#.# #.#
#.....#......##.#...######.####
#.####.#####......###.........#
#.# #†# #..###.##..####.##.#
#.# #†# #..# #...>.# #.##.#
#.## #.# ##.###g##..# #.##.###
#..# #.# #..)h..#..# #.......
##.# #.# ######.#..# ####.###
#.# #.# #.#..# #.# #.###.#
#.#..#######.# # #.#...#
#.#..........### #.#...#
#....##......... #.#...#
#.....#.######## #.##.##
#....##.# #.##.# #.#.###.#


You could see a gnoll.

Vanquished Creatures
  3 dart slugs (D:1)
  A ball python (D:1)
  4 endoplasms (D:1)
  3 hobgoblins (D:1)
  A quokka (D:1)
  A bat (D:1)
  A frilled lizard (D:1)
  2 kobolds (D:1)
  A rat (D:1)
17 creatures vanquished.

Notes
Turn   | Place    | Note
-------+----------+-------------------------------------------
     0 | D:1      | Rohain the Demonspawn Shapeshifter began the quest for the
                  | Orb.
     0 | D:1      | Reached XP level 1. HP: 15/15 MP: 1/1
   134 | D:1      | Gained mutation: You are partially covered in slimy green
                  | scales. (AC +2) [demonic ancestry]
   134 | D:1      | Reached XP level 2. HP: 21/21 MP: 2/2
   267 | D:1      | Reached skill level 3 in Unarmed Combat
   799 | D:1      | Slain by a gnoll

Illustrated notes

Levels and vault maps discovered:
D:1:      nicolae_arrival_washed_ashore, layout_loops_ring
D:2:      layout_loops_ring, serial_glass, glass_columns_c, glass_columns_b,
          glass_columns_a, glass_columns_c, roderic_roman_lattice

Skill      XL: |  1  2 |
---------------+-------+-----
Dodging        | 2 |  2.1
Unarmed Combat | 3 |  3.1
Fighting       | |  1.5
Shapeshifting  | |  2.8

Action                     || total
---------------------------++-------
  Melee: Unarmed           ||    51
   Stab: Sleeping          ||     2
 Armour: Animal skin       ||    10
  Dodge: Dodged            ||    22

Table legend: (Time is in decaauts)
 A = Elapsed time spent in this place.
 B = Non-inter-level travel time spent in this place.
 C = Inter-level travel time spent in this place.
 D = Time resting spent in this place.
 E = Time spent auto-exploring this place.
 F = Levels seen in this place.
 G = Mean time per level.
                   A        B        C        D        E       F      G
               +--------+--------+--------+--------+--------+-----+--------+
         Total |    795 |    779 |     16 |      0 |    619 |   2 |  397.5 |
       Dungeon |    795 |    779 |     16 |      0 |    619 |   2 |  397.5 |
               +--------+--------+--------+--------+--------+-----+--------+

Top non-repeatable levels by time:
     D:1: 788 daAuts
     D:2: 6 daAuts
